 Dungeon Crawl Stone Soup version 0.31-a0-237-g2d982f9f85 (webtiles) character file.

Game seed: 4985842194737723021

198 Nattfarinn the Stinger (level 5, -4/31 HPs)
             Began as a Demonspawn Venom Mage on July 11, 2023.
             Slain by Blork the orc
             ... wielding a +0 trident
              (10 damage)
             ... on level 4 of the Dungeon.
             The game lasted 00:06:25 (3489 turns).

Nattfarinn the Stinger (Demonspawn Venom Mage)      Turns: 3489, Time: 00:06:25

Health: -4/31      AC:  4    Str:  8      XL:     5   Next: 47%
Magic:  8/9        EV: 11    Int: 20      God:
Gold:   203        SH:  0    Dex: 13 (15) Spells: 5/10 levels left

rFire   . . .        u - +9 quarterstaff "Loxibisch" {flame, Int+3}
rCold   . . .        (shield currently unavailable)
rNeg    . . .        m - +0 leather armour
rPois   .            (helmet restricted)
rElec   .            (no cloak)
rCorr   .            (no gloves)
SInv    .            (no boots)
Will    .....        (no amulet)
Stlth   ++           (no ring)
HPRegen 0.25/turn    (no ring)
MPRegen 0.11/turn

%: no passive effects
@: weak-willed, hasted, unable to drink, very quick
A: sharp scales 1, weakness stinger 1, antennae 1, frail 1, inability to drink
after injury 1
a: no special abilities


You were on level 4 of the Dungeon.
You visited 1 branch of the dungeon, and saw 4 of its levels.

You collected 203 gold pieces.

Inventory:

Hand Weapons
 u - the +9 quarterstaff "Loxibisch" (weapon) {flame, Int+3}
   (You found it on level 4 of the Dungeon)

   Int:       It affects your intelligence (+3).
Missiles
 r - 4 curare-tipped darts
Armour
 a - a +0 robe
 m - a +0 leather armour (worn)
Magical Staves
 c - a staff of cold
 t - a staff of conjuration
Jewellery
 i - a ring of magical power
Wands
 j - a wand of digging (1)
 p - a wand of charming (3)
 q - a wand of polymorph (9)
Scrolls
 d - a scroll of immolation {unknown}
 e - a scroll of summoning {unknown}
 f - 2 scrolls of vulnerability
 h - 2 scrolls of revelation {unknown}
 k - 2 scrolls of fear {unknown}
 l - a scroll of enchant weapon {unknown}
 n - a scroll of blinking {unknown}
 o - 2 scrolls of identify {unknown}
 v - a scroll of brand weapon {unknown}
 x - a scroll of teleportation {unknown}
Potions
 b - a potion of magic
 g - a potion of brilliance
 w - a potion of curing


   Skills:
 + Level 1.2 Staves
 - Level 1.7 Dodging
 - Level 1.7 Stealth
 - Level 3.3 Spellcasting
 - Level 0.8 Transmutations
 - Level 5.2 Poison Magic


You had 5 spell levels left.
You knew the following spells:

 Your Spells              Type           Power      Damage    Failure   Level
a - Sting                 Tmut/Pois      60%        1d6       6%          1
b - Olgreb's Toxic Radia  Pois           24%        N/A       24%         4

Your spell library contained the following spells:

 Spells                   Type           Power      Damage    Failure   Level
 Poisonous Vapours        Pois/Air       26%        N/A       11%         2
 Mephitic Cloud           Conj/Pois/Air  10%        N/A       30%         3


Dungeon Overview and Level Annotations

Branches:
Dungeon (4/15)
 Temple: D:4-7

Altars:

Annotations:
D:4 Blork the orc


Innate Abilities, Weirdness & Mutations

You are partially covered in razor-sharp scales. (AC +1, Slay +1)
You have a small tail.
You have a pair of small antennae on your head.
You are frail. (-10% HP)
You occasionally lose the ability to drink potions when taking damage.


Message History

No target in view!
HP restored.
A sleepcap comes into view.
The sleepcap closely misses you.
You thump the sleepcap! You burn the sleepcap.
The sleepcap is heavily damaged.
The sleepcap releases spores at you.
You are engulfed in a cloud of soporific spores!
You fall asleep.
The sleepcap releases spores at you but does no damage.
The sleepcap releases spores at you.
You wake up.
You sock the sleepcap! You burn the sleepcap. You tail-slap the sleepcap.
You destroy the sleepcap!
You feel your intelligence returning.
Your Staves skill increases to level 1!
x - a scroll labelled HISYMI GANICO Blork the orc comes into view.
He is wielding a +0 trident.
Blork the orc is nearby!
Blork the orc shouts!
Blork the orc screams, "I'll cover the dungeon with your blood!"
Blork the orc gestures at you while chanting.
The puff of frost hits you!
You can't see any susceptible monsters within range! (Use Z to cast anyway.)
You can't see any susceptible monsters within range! (Use Z to cast anyway.) Blork the orc screams, "I'll decorate my home with your organs!"
The sting hits Blork the orc.
Blork the orc is poisoned.
Blork the orc is lightly wounded.
Blork the orc points at you and mumbles some strange words.
The magic dart hits you!
You are too injured to fight recklessly!
Unknown command.
It was a potion of haste.
You feel yourself speed up.
Blork the orc hits you from afar with a +0 trident.
You feel threatened and lose the ability to drink potions!
* * * LOW HITPOINT WARNING * * *
You cannot drink potions in your current state!
As you read the scroll labelled UTRABO KEODGH, it crumbles to dust.
Magic quickly surges around you.
It was a scroll of vulnerability.
Blork the orc hits you from afar with a +0 trident!
You die...

.. #....## #.#
#.....#.. ##.#.#
#.###.###...#
#..#.##### #..#..
##### .........#
##.#(# .........#
#.#.# .........# #.#.#
#........# #.#.#
....$....####.#.#
.....o.@...##.#.#
.........#..#...#####
#.##.######...........
# #......##...
#......# # ..........#
##....###### #....#
#....#


You could see Blork the orc (poisoned, weak-willed).

Vanquished Creatures
  A sleepcap (D:4)
  Jessica (D:2)
  Robin (D:3)
  3 adders
  An ufetubus (D:3)
  2 dart slugs
  2 worms (D:2)
  5 orcs (D:3)
  4 endoplasms
  6 giant cockroaches
  9 goblins
  10 hobgoblins
  7 jackals
  8 kobolds
  3 quokkas
  6 ball pythons
  4 bats
  4 frilled lizards (D:1)
  4 rats
81 creatures vanquished.

Notes
Turn   | Place    | Note
-------+----------+-------------------------------------------
     0 | D:1      | Nattfarinn the Demonspawn Venom Mage began the quest for
                  | the Orb.
     0 | D:1      | Reached XP level 1. HP: 13/13 MP: 3/3
   310 | D:1      | Gained mutation: You are partially covered in razor-sharp
                  | scales. (AC +1, Slay +1) [demonic ancestry]
   310 | D:1      | Reached XP level 2. HP: 19/19 MP: 0/5
  1215 | D:2      | Gained mutation: You have a small tail. [demonic ancestry]
  1215 | D:2      | Reached XP level 3. HP: 20/24 MP: 1/6
  1388 | D:2      | Reached skill level 4 in Poison Magic
  1867 | D:2      | Noticed Jessica
  1878 | D:2      | Killed Jessica
  1879 | D:2      | Reached XP level 4. HP: 27/30 MP: 1/8
  2093 | D:3      | Noticed Robin
  2109 | D:2      | Learned a level 4 spell: Olgreb's Toxic Radiance
  2178 | D:2      | Gained mutation: You occasionally lose the ability to drink
                  | potions when taking damage. [potion of mutation]
  2178 | D:2      | Gained mutation: You are frail. (-10% HP) [potion of
                  | mutation]
  2178 | D:2      | Gained mutation: You have a pair of small antennae on your
                  | head. [potion of mutation]
  2362 | D:3      | Killed Robin
  2429 | D:3      | Identified the +1 rapier of the Viper {heavy, rF+}
  2612 | D:3      | Reached skill level 5 in Poison Magic
  2618 | D:3      | Reached XP level 5. HP: 29/31 MP: 2/9
  2890 | D:3      | Found a faded altar of an unknown god.
  3320 | D:4      | Identified the +9 quarterstaff "Loxibisch" {flame, Int+3}
  3433 | D:4      | Reached skill level 1 in Staves
  3483 | D:4      | Noticed Blork the orc
  3489 | D:4      | Slain by Blork the orc

Illustrated notes

Levels and vault maps discovered:
D:1:      psy_arrival_dodecagon, layout_basic
D:2:      layout_rooms, hangedman_decor_push, minmay_unequal, uniq_jessica
D:3:      layout_basic, chequers_ecumenical_altar_island,
          kennysheep_generic_room_7, uniq_robin
D:4:      layout_rooms, uniq_blork_the_orc

Skill      XL: |  1  2  3  4  5 |
---------------+----------------+-----
Poison Magic   | 4 5 |  5.2
Spellcasting   | 3 |  3.3
Staves         | 1 |  1.2
Dodging        | |  1.7
Stealth        | |  1.7
Transmutations | |  0.8

Action                     |  1- 3 |  4- 6 || total
---------------------------+-------+-------++-------
  Melee: Unarmed           |     6 |       ||     6
         Staff             |    46 |    24 ||    70
         Tailslap          |     4 |     4 ||     8
         Punch             |       |     1 ||     1
         Quarterstaff      |       |     4 ||     4
   Cast: Sting             |    83 |    45 ||   128
         Olgreb's Toxic Ra |       |     1 ||     1
    Use: Potion            |       |     6 ||     6
         Scroll            |       |     1 ||     1
 Armour: Robe              |     4 |       ||     4
         Leather armour    |    25 |    27 ||    52
  Dodge: Dodged            |    50 |    49 ||    99

Table legend: (Time is in decaauts)
 A = Elapsed time spent in this place.
 B = Non-inter-level travel time spent in this place.
 C = Inter-level travel time spent in this place.
 D = Time resting spent in this place.
 E = Time spent auto-exploring this place.
 F = Levels seen in this place.
 G = Mean time per level.
                   A        B        C        D        E       F      G
               +--------+--------+--------+--------+--------+-----+--------+
         Total |   3508 |   3403 |    105 |    126 |   2730 |   4 |  877.0 |
       Dungeon |   3508 |   3403 |    105 |    126 |   2730 |   4 |  877.0 |
               +--------+--------+--------+--------+--------+-----+--------+

Top non-repeatable levels by time:
     D:2: 1426 daAuts
     D:1: 960 daAuts
     D:3: 946 daAuts
     D:4: 174 daAuts
